 Dungeon Crawl Stone Soup version 0.24-a0-280-g7cec4da (webtiles) character file.

Game seed: 9279137852795033662

34210 DocClef the Nimble (level 13, -1/101 HPs)
             Began as a Gnoll Gladiator on May 10, 2019.
             Was the Champion of Okawaru.
             Slain by a six-headed hydra (4 damage)
             ... while petrified by a basilisk
             ... on level 6 of the Lair of Beasts.
             The game lasted 00:27:19 (16746 turns).

DocClef the Nimble (Gnoll Gladiator)               Turns: 16746, Time: 00:27:20

Health: -1/101     AC: 19    Str: 23    XL:     13   Next: 75%
Magic:  25/25      EV:  2    Int: 10    God:    Okawaru [******]
Gold:   794        SH:  0    Dex: 16    Spells: 28/28 levels left

rFire    + . .     SeeInvis .   k - +0 war axe (venom)
rCold    . . .     Gourm    .   (no shield)
rNeg     + + +     Faith    +   l - +1 plate armour
rPois    ∞         Spirit   .   c - +0 helmet
rElec    .         Reflect  .   B - +0 cloak
rCorr    .         Harm     .   (no gloves)
MR       .....                  b - +1 pair of boots
Stlth    ..........             G - amulet of faith
HPRegen  0.26/turn              q - ring of protection from fire
MPRegen  0.19/turn              x - ring of poison resistance

@: petrified
A: distributed training, fangs 1, strong nose
a: Heroism, Finesse, Renounce Religion


You were on level 6 of the Lair of Beasts.
You worshipped Okawaru.
Okawaru was exalted by your worship.
You were not hungry.

You visited 3 branches of the dungeon, and saw 17 of its levels.

You collected 794 gold pieces.

Inventory:

Hand Weapons
 k - a +0 war axe of venom (weapon)
 D - a +5 falchion of freezing
 N - a +2 fustibalus of flaming
Missiles
 d - 3 throwing nets (quivered)
 J - 4 steel javelins
 K - 2 poisoned javelins
Armour
 b - a +1 pair of boots (worn)
 c - a +0 helmet (worn)
 l - a +1 plate armour (worn)
 B - a +0 cloak (worn)
Jewellery
 a - a cursed -3 ring of dexterity {unknown}
 e - an uncursed ring of protection from fire
 j - an uncursed ring of see invisible
 o - an uncursed ring of protection from magic
 q - a ring of protection from fire (left hand)
 u - an uncursed ring of wizardry
 x - a ring of poison resistance (right hand)
 G - an amulet of faith (around neck)
 O - an uncursed ring of resist corrosion
Wands
 r - a wand of clouds (11)
 y - a wand of polymorph (23)
 E - a wand of flame (31)
 F - a wand of acid (12)
Scrolls
 g - 7 scrolls of teleportation
 h - 6 scrolls of identify
 m - 3 scrolls of amnesia
 p - 2 scrolls of enchant armour
 s - a scroll of magic mapping
 t - 3 scrolls of enchant weapon
 H - 2 scrolls of remove curse
Potions
 i - a potion of brilliance
 n - 2 potions of flight
 w - 3 potions of might
 A - 5 potions of curing
 M - a potion of haste
Miscellaneous
 I - a sack of spiders
Comestibles
 f - 31 rations


   Skills:
 + Level 9.6 Fighting
 + Level 8.4 Short Blades
 + Level 8.4 Long Blades
 + Level 10.6 Axes
 + Level 8.4 Maces & Flails
 + Level 8.4 Polearms
 + Level 8.4 Staves
 + Level 8.4 Slings
 + Level 8.4 Bows
 + Level 8.4 Crossbows
 + Level 9.6 Throwing
 + Level 8.4 Armour
 + Level 10.6 Dodging
 + Level 8.4 Stealth
 + Level 8.4 Shields
 + Level 8.4 Unarmed Combat
 + Level 8.4 Spellcasting
 + Level 7.0 Conjurations
 + Level 7.0 Hexes
 + Level 7.0 Charms
 + Level 7.0 Summonings
 + Level 7.0 Necromancy
 + Level 7.0 Translocations
 + Level 7.0 Transmutations
 + Level 7.0 Fire Magic
 + Level 7.0 Ice Magic
 + Level 7.0 Air Magic
 + Level 7.0 Earth Magic
 + Level 7.0 Poison Magic
 + Level 9.2 Invocations
 + Level 8.4 Evocations


You had 28 spell levels left.
You didn't know any spells.
Your spell library contained the following spells:

 Spells                   Type           Power        Failure   Level  Hunger
 Confusing Touch          Hex            ###...       12%         1    None
 Confuse                  Hex            ###.....     36%         3    ###....
 Gell's Gravitas          Tloc           ###.......   36%         3    ###....
 Petrify                  Tmut/Erth      ###.....     77%         4    ####...
 Metabolic Englaciation   Hex/Ice        ###.......   98%         5    ######.
 Yara's Violent Unravell  Hex/Tmut       ###.......   98%         5    ######.


Dungeon Overview and Level Annotations

Branches:
Dungeon (10/15)            Temple (1/1) D:6            Lair (6/6) D:8
  Swamp (0/4) Lair:4       Spider (0/4) Lair:2
  Slime: Lair:5-6       Orc: D:9-12

Altars:
Ashenzari
Cheibriados
Dithmenos
Elyvilon
Fedhas
Gozag
Hepliaklqana
Kikubaaqudgha
Makhleb
Nemelex Xobeh
Okawaru
Qazlal
Ru
Sif Muna
Trog
Uskayaw
Vehumet
Wu Jian
Xom
Yredelemnul
Zin
The Shining One
Beogh

Shops:
D:4 :   D:9 *

Annotations:
D:8 3 runed translucent doors, Sacrath's ghost, novice TrMo


Innate Abilities, Weirdness & Mutations

Your experience applies equally to all skills.
You have very sharp teeth.
Your uncanny sense of smell can sniff out nearby items.


Message History

The six-headed hydra bites you.
The six-headed hydra bites you but does no damage. x2
The six-headed hydra bites you.
* * * LOW HITPOINT WARNING * * *
The basilisk gazes at you.
You easily resist.
The six-headed hydra bites you but does no damage.
The six-headed hydra bites you!
* * * LOW HITPOINT WARNING * * *
The six-headed hydra bites you but does no damage.
The six-headed hydra bites you.
* * * LOW HITPOINT WARNING * * *
The six-headed hydra bites you!
* * * LOW HITPOINT WARNING * * *
The six-headed hydra bites you but does no damage.
The basilisk bites you!
* * * LOW HITPOINT WARNING * * *
The six-headed hydra bites you but does no damage. x2
The six-headed hydra bites you!
You die...

#.............. ∆ ..
###.._...P# ....
#........####### ...#
#.......#.##..##..# #
####..............###..
##..................
#..#................
#...#......l....##
##.(.......D@....#
#...##.....P#...#####
#.#.##.#.+P..##......#..
#.....###.#####..†......
##..P#.#..##.#..........
#......................
#......................
##....<..........P##.#.
#...P#P...#......## .#


You could see a six-headed hydra and a basilisk.

Vanquished Creatures
  Harold (D:7)
  4 hydras
  A catoblepas (Lair:5)
  3 death yaks
  2 two-headed ogres (D:9)
  Sonja (Lair:5)
  Pikel (D:5)
  An ugly thing (D:9)
  12 elephants
  3 black mambas
  8 spiny frogs
  3 komodo dragons
  2 rime drakes
  4 jumping spiders (Lair:2)
  7 blink frogs
  12 hippogriffs
  3 redbacks (Lair:2)
  37 yaks
  A wyvern (Lair:4)
  Grum (D:8)
  Menkaure (D:7)
  3 insubstantial wisps
  11 water moccasins
  Duvessa (D:7)
  5 porcupines
  2 ice beasts (D:6)
  2 slaves
  An orc warrior (D:9)
  A sky beast (D:6)
  A phantom (D:5)
  4 ogres
  2 centaurs
  4 wolves (D:8)
  9 crocodiles
  A big kobold (D:8)
  12 bullfrogs
  Dowan (D:7)
  A water moccasin zombie (D:8)
  2 scorpions
  5 wights (D:8)
  2 electric eels (Lair:4)
  2 crimson imps
  2 bullfrog zombies
  A centaur zombie (D:6)
  A jelly (D:8)
  A quasit (D:8)
  3 hounds
  Crazy Yiuf (D:7)
  A bullfrog skeleton (D:7)
  2 gnoll shamans
  4 orc priests
  8 orc wizards
  A centaur skeleton (D:8)
  Natasha (D:3)
  2 iguanas
  5 worker ants
  2 hound zombies
  3 hound skeletons
  4 gnolls
  9 adders
  A howler monkey skeleton (D:9)
  An adder zombie (D:9)
  An ooze (D:3)
  4 adder skeletons
  2 worms
  2 dart slugs
  4 leopard geckos
  31 orcs
  A ball python (D:3)
  7 bats
  7 giant cockroaches
  14 hobgoblins
  14 jackals
  6 quokkas
  4 frilled lizards
  11 goblins
  A jackal skeleton (D:6)
  3 kobolds
  4 rats (D:1)
  A fungus (Lair:5)
  3 plants
353 creatures vanquished.

Vanquished Creatures (others)
  An orc (D:5)
  A quokka (D:8)
  A fungus (Lair:4)
  2 plants (Lair:4)
5 creatures vanquished.

Grand Total: 358 creatures vanquished

Notes
Turn   | Place    | Note
-------+----------+-------------------------------------------
     0 | D:1      | DocClef the Gnoll Gladiator began the quest for the Orb.
     0 | D:1      | Reached XP level 1. HP: 20/20 MP: 1/1
   138 | D:1      | Reached XP level 2. HP: 23/26 MP: 2/2
   521 | D:1      | Reached XP level 3. HP: 25/31 MP: 3/3
  1159 | D:2      | Reached skill level 1 in Invocations
  1267 | D:2      | Reached skill level 1 in Short Blades
  1267 | D:2      | Reached skill level 1 in Long Blades
  1267 | D:2      | Reached skill level 1 in Maces & Flails
  1267 | D:2      | Reached skill level 1 in Polearms
  1267 | D:2      | Reached skill level 1 in Staves
  1267 | D:2      | Reached skill level 1 in Slings
  1267 | D:2      | Reached skill level 1 in Bows
  1267 | D:2      | Reached skill level 1 in Crossbows
  1267 | D:2      | Reached skill level 1 in Armour
  1267 | D:2      | Reached skill level 1 in Stealth
  1267 | D:2      | Reached skill level 1 in Shields
  1267 | D:2      | Reached skill level 1 in Unarmed Combat
  1267 | D:2      | Reached skill level 1 in Spellcasting
  1267 | D:2      | Reached skill level 1 in Evocations
  1390 | D:2      | Reached XP level 4. HP: 30/38 MP: 5/5
  1861 | D:3      | Reached skill level 1 in Conjurations
  1861 | D:3      | Reached skill level 1 in Hexes
  1861 | D:3      | Reached skill level 1 in Charms
  1861 | D:3      | Reached skill level 1 in Summonings
  1861 | D:3      | Reached skill level 1 in Necromancy
  1861 | D:3      | Reached skill level 1 in Translocations
  1861 | D:3      | Reached skill level 1 in Transmutations
  1861 | D:3      | Reached skill level 1 in Fire Magic
  1861 | D:3      | Reached skill level 1 in Ice Magic
  1861 | D:3      | Reached skill level 1 in Air Magic
  1861 | D:3      | Reached skill level 1 in Earth Magic
  1861 | D:3      | Reached skill level 1 in Poison Magic
  1861 | D:3      | Reached XP level 5. HP: 42/43 MP: 6/6
  2053 | D:3      | Noticed Natasha
  2059 | D:3      | Killed Natasha
  2387 | D:3      | Reached XP level 6. HP: 33/50 MP: 8/8
  2783 | D:4      | Reached skill level 5 in Fighting
  2783 | D:4      | Reached skill level 5 in Throwing
  2875 | D:4      | Reached XP level 7. HP: 52/56 MP: 10/10
  3165 | D:4      | Found Del Sulisk's Book Shoppe.
  3208 | D:5      | Entered Level 5 of the Dungeon
  3212 | D:5      | Noticed a hippogriff
  3218 | D:5      | Killed a hippogriff
  3251 | D:5      | Reached XP level 8. HP: 40/63 MP: 12/12
  3490 | D:5      | Found a glowing silver altar of Zin.
  3605 | D:5      | Noticed Pikel
  3804 | D:5      | Killed Pikel
  4002 | D:5      | Found a shattered altar of Ashenzari.
  4104 | D:6      | Found a staircase to the Ecumenical Temple.
  4134 | Temple   | Entered the Ecumenical Temple
  4382 | Temple   | Became a worshipper of Warmaster Okawaru
  4436 | D:6      | Reached XP level 9. HP: 38/69 MP: 14/14
  5670 | D:6      | Reached * piety under Okawaru
  6035 | D:7      | Noticed Harold
  6098 | D:7      | Killed Harold
  6098 | D:7      | Reached skill level 5 in Invocations
  6098 | D:7      | Reached XP level 10. HP: 32/77 MP: 15/17
  6415 | D:7      | Noticed a +0 dagger
  6416 | D:7      | Noticed a +4 dagger
  6420 | D:7      | Found a hide-covered altar of Uskayaw.
  6557 | D:7      | Reached ** piety under Okawaru
  6574 | D:7      | Noticed Menkaure
  6589 | D:7      | Killed Menkaure
  6782 | D:7      | Noticed Duvessa
  6783 | D:7      | Noticed Dowan
  6805 | D:7      | Killed Duvessa
  6828 | D:7      | Killed Dowan
  7017 | D:7      | Found an ornate altar of the Wu Jian Council.
  7211 | D:7      | Found a runed translucent door.
  7212 | D:7      | Noticed Crazy Yiuf
  7237 | D:7      | Killed Crazy Yiuf
  7437 | D:8      | Reached skill level 5 in Short Blades
  7437 | D:8      | Reached skill level 5 in Long Blades
  7437 | D:8      | Reached skill level 5 in Maces & Flails
  7437 | D:8      | Reached skill level 5 in Polearms
  7437 | D:8      | Reached skill level 5 in Staves
  7437 | D:8      | Reached skill level 5 in Slings
  7437 | D:8      | Reached skill level 5 in Bows
  7437 | D:8      | Reached skill level 5 in Crossbows
  7437 | D:8      | Reached skill level 5 in Armour
  7437 | D:8      | Reached skill level 5 in Stealth
  7437 | D:8      | Reached skill level 5 in Shields
  7437 | D:8      | Reached skill level 5 in Unarmed Combat
  7437 | D:8      | Reached skill level 5 in Spellcasting
  7437 | D:8      | Reached skill level 5 in Evocations
  7449 | D:8      | Found a runed translucent gate.
  7449 | D:8      | Noticed Sacrath's ghost (novice TrMo)
  7450 | D:8      | Found a runed translucent gate.
  7450 | D:8      | Identified the +7 war axe of the Orb {chop, -Tele MR- Dex+9
                  | SInv}
  7475 | D:8      | Noticed Grum
  7492 | D:8      | Killed Grum
  7692 | D:8      | Found a white marble altar of Elyvilon.
  7780 | D:8      | Found a sacrificial altar of Ru.
  8009 | D:8      | Found a shimmering altar of Xom.
  8024 | D:8      | Found a staircase to the Lair.
  8185 | D:8      | Found a deep blue altar of Sif Muna.
  8247 | D:8      | Found a runed translucent gate.
  8247 | D:8      | Found a roughly hewn altar of Beogh.
  8518 | D:9      | Reached *** piety under Okawaru
  8525 | D:9      | Found Uzofuos's Assorted Antiques.
  8541 | D:9      | Noticed a two-headed ogre
  8553 | D:9      | Killed a two-headed ogre
  8847 | D:9      | Received a gift from Okawaru
  8875 | D:9      | Reached **** piety under Okawaru
  8880 | D:9      | Reached XP level 11. HP: 26/84 MP: 19/19
  9134 | D:9      | Received a gift from Okawaru
  9280 | D:9      | Noticed a two-headed ogre
  9291 | D:9      | Killed a two-headed ogre
  9538 | D:9      | Reached skill level 5 in Conjurations
  9538 | D:9      | Reached skill level 5 in Hexes
  9538 | D:9      | Reached skill level 5 in Charms
  9538 | D:9      | Reached skill level 5 in Summonings
  9538 | D:9      | Reached skill level 5 in Necromancy
  9538 | D:9      | Reached skill level 5 in Translocations
  9538 | D:9      | Reached skill level 5 in Transmutations
  9538 | D:9      | Reached skill level 5 in Fire Magic
  9538 | D:9      | Reached skill level 5 in Ice Magic
  9538 | D:9      | Reached skill level 5 in Air Magic
  9538 | D:9      | Reached skill level 5 in Earth Magic
  9538 | D:9      | Reached skill level 5 in Poison Magic
  9544 | D:9      | Reached ***** piety under Okawaru
  9979 | D:9      | Noticed a brown ugly thing
  9990 | D:9      | Killed a brown ugly thing
 10120 | D:10     | Entered Level 10 of the Dungeon
 10127 | D:10     | Noticed a two-headed ogre
 10212 | Lair:1   | Entered Level 1 of the Lair of Beasts
 10952 | Lair:1   | Received a gift from Okawaru
 11352 | Lair:2   | Reached XP level 12. HP: 87/93 MP: 22/22
 11375 | Lair:2   | Received a gift from Okawaru
 11847 | Lair:2   | Noticed a four-headed hydra
 11852 | Lair:2   | Killed a four-headed hydra
 11852 | Lair:2   | Received a gift from Okawaru
 12177 | Lair:2   | Received a gift from Okawaru
 12323 | Lair:2   | Found a hole to the Spider Nest.
 12339 | Lair:2   | Received a gift from Okawaru
 12856 | Lair:3   | Received a gift from Okawaru
 12862 | Lair:3   | Reached skill level 10 in Axes
 12862 | Lair:3   | Reached skill level 10 in Dodging
 12990 | Lair:3   | Reached ****** piety under Okawaru
 13570 | Lair:4   | Noticed a death yak
 13570 | Lair:4   | Noticed a death yak
 13583 | Lair:4   | Found a staircase to the Swamp.
 13601 | Lair:4   | Received a gift from Okawaru
 14052 | Lair:4   | Reached XP level 13. HP: 70/101 MP: 24/24
 15031 | Lair:5   | Received a gift from Okawaru
 15543 | Lair:5   | Received a gift from Okawaru
 15649 | Lair:5   | Received a gift from Okawaru
 16001 | Lair:5   | Noticed Sonja
 16005 | Lair:5   | Received a gift from Okawaru
 16013 | Lair:5   | Killed Sonja
 16679 | Lair:6   | Entered Level 6 of the Lair of Beasts
 16712 | Lair:6   | Found a white marble altar of Elyvilon.
 16745 | Lair:6   | HP: 3/101 [basilisk (3)]
 16746 | Lair:6   | Slain by a six-headed hydra

Levels and vault maps discovered:
D:1:      dpeg_arrival_short_road, layout_loops_corners
D:2:      layout_basic, interstate_on_off
D:3:      layout_basic, first_ration, grunt_ministairs_13, uniq_natasha
D:4:      layout_basic, serial_shops, nicolae_shop_behind_doors
D:5:      layout_rooms, old_standard_altar, kennysheep_little_box, uniq_pikel
D:6:      cheibrodos_quashed, layout_loops_corners,
          minmay_temple_entry_large_hall, serial_park_tiny_pond
D:7:      layout_loops_cross, kennysheep_mini_moat, dancing_weapons_uskayaw,
          uniq_duvessa, uniq_menkaure, uniq_crazy_yiuf_cottage, uniq_harold
D:8:      layout_basic, led_sif_pool, elyvilon_altar_4,
          grunt_temple_overflow_open, lair_entry_dummy,
          biasface_ghost_orc_armoury, blue_anna_alchemist
          [blue_anna_fruit_fields, blue_anna_fruit_fields], uniq_grum
D:9:      layout_basic, serial_shops, shop_statue, columned_hall_lemuel
D:10:     layout_cave_pools, orc_0_dummy, serial_co_window_serial,
          co_window_of_opportunity_a, co_window_paths_a, co_window_corner_a,
          co_window_paths_b, co_window_corner_a, co_window_paths_b,
          co_window_paths_a, co_window_2corner, co_window_corner_cb,
          co_window_of_opportunity_c, co_window_paths_e, glass_columns_a,
          glass_columns_a, glass_columns_c
Temple:   minmay_temple_curvy_branch
Lair:1:   layout_cave_shapes
Lair:2:   layout_regular_city, nicolae_spider_entry_tight_spaces,
          grunt_megastairs_1
Lair:3:   layout_misc_corridors
Lair:4:   layout_big_grid, minmay_swamp_entry_wisps,
          hangedman_lair_generics_rect, serial_bayou_shore_a
Lair:5:   layout_regular_city, infiniplex_staircase_pool, uniq_sonja
Lair:6:   evilmike_catoblepas_cave, layout_regular_city, slime_altar_2,
          basic_altar, lemuel_fruit_fields

Skill      XL: |  1  2  3  4  5  6  7  8  9 10 11 12 13 |
---------------+----------------------------------------+-----
Invocations    | 1 2 3 4 5 6 7 8 9 |  9.2
Short Blades   | 1 2 3 4 5 6 7 8 |  8.4
Long Blades    | 1 2 3 4 5 6 7 8 |  8.4
Maces & Flails | 1 2 3 4 5 6 7 8 |  8.4
Polearms       | 1 2 3 4 5 6 7 8 |  8.4
Staves         | 1 2 3 4 5 6 7 8 |  8.4
Slings         | 1 2 3 4 5 6 7 8 |  8.4
Bows           | 1 2 3 4 5 6 7 8 |  8.4
Crossbows      | 1 2 3 4 5 6 7 8 |  8.4
Armour         | 1 2 3 4 5 6 7 8 |  8.4
Stealth        | 1 2 3 4 5 6 7 8 |  8.4
Shields        | 1 2 3 4 5 6 7 8 |  8.4
Unarmed Combat | 1 2 3 4 5 6 7 8 |  8.4
Spellcasting   | 1 2 3 4 5 6 7 8 |  8.4
Evocations     | 1 2 3 4 5 6 7 8 |  8.4
Conjurations   | 1 2 3 4 5 6 7 |  7.0
Hexes          | 1 2 3 4 5 6 7 |  7.0
Charms         | 1 2 3 4 5 6 7 |  7.0
Summonings     | 1 2 3 4 5 6 7 |  7.0
Necromancy     | 1 2 3 4 5 6 7 |  7.0
Translocations | 1 2 3 4 5 6 7 |  7.0
Transmutations | 1 2 3 4 5 6 7 |  7.0
Fire Magic     | 1 2 3 4 5 6 7 |  7.0
Ice Magic      | 1 2 3 4 5 6 7 |  7.0
Air Magic      | 1 2 3 4 5 6 7 |  7.0
Earth Magic    | 1 2 3 4 5 6 7 |  7.0
Poison Magic   | 1 2 3 4 5 6 7 |  7.0
Fighting       | 5 6 7 8 9 |  9.6
Throwing       | 5 6 7 8 9 |  9.6
Axes           | 7 8 9 10 | 10.6
Dodging        | 7 8 9 10 | 10.6

Action                   |  1- 3 |  4- 6 |  7- 9 | 10-12 | 13-15 || total
-------------------------+-------+-------+-------+-------+-------++-------
Melee: War axe           |   145 |   167 |   109 |   163 |   202 ||   786
       Bite              |    14 |    14 |    71 |   154 |    35 ||   288
       Whip              |       |       |   330 |   266 |       ||   596
       Punch             |       |       |     8 |    35 |    15 ||    58
       Falchion          |       |       |       |   405 |       ||   405
Throw: Throwing net      |       |       |       |    13 |     6 ||    19
       Javelin           |       |       |       |       |    18 ||    18
Invok: Heroism           |       |       |     1 |    14 |     5 ||    20
       Finesse           |       |       |       |     3 |     1 ||     4
Evoke: Wand              |       |       |       |     3 |     4 ||     7
       Sack of spiders   |       |       |       |     1 |       ||     1
  Use: Potion            |       |     3 |     9 |     6 |     1 ||    19
       Scroll            |       |     9 |     2 |       |     5 ||    16
 Stab: Sleeping          |     2 |       |       |       |       ||     2
       Invisible         |       |       |     7 |     2 |       ||     9
       Held in net/web   |       |       |       |     1 |       ||     1
  Eat: Chunk             |     1 |     6 |     1 |    22 |     6 ||    36
       Ration            |       |       |     3 |     1 |     1 ||     5
Armor: Leather armour    |     7 |       |       |       |       ||     7
       Plate armour      |    84 |   112 |   187 |   457 |   215 ||  1055
Dodge: Dodged            |    88 |    97 |   183 |   461 |   194 ||  1023
       Rpst.: Falchion   |       |       |       |    72 |       ||    72

Table legend:
 A = Non-vault XP
 B = Vault XP
 C = Vault XP percentage of total XP
 D = Non-vault monster count
 E = Vault monster count
 F = Vault count percentage of total count
                 A         B        C        D         E       F
            +---------+---------+-------+---------+---------+-------
      Total |   40213 |    8659 |  17.7 |     316 |      31 |   8.9
            +---------+---------+-------+---------+---------+-------
        D:1 |      47 |       0 |   0.0 |      25 |       0 |   0.0
        D:2 |      68 |       0 |   0.0 |      23 |       0 |   0.0
        D:3 |     233 |      41 |  15.0 |      32 |       3 |   8.6
        D:4 |     405 |       0 |   0.0 |      25 |       0 |   0.0
        D:5 |     747 |     629 |  45.7 |      18 |       1 |   5.3
        D:6 |    1445 |       0 |   0.0 |      21 |       0 |   0.0
        D:7 |     393 |    1442 |  78.6 |      20 |       5 |  20.0
        D:8 |     678 |     744 |  52.3 |      15 |       6 |  28.6
        D:9 |    5848 |       0 |   0.0 |      32 |       0 |   0.0
     Lair:1 |    4636 |       0 |   0.0 |      21 |       0 |   0.0
     Lair:2 |    5758 |    3217 |  35.8 |      25 |       9 |  26.5
     Lair:3 |    4156 |     332 |   7.4 |      13 |       2 |  13.3
     Lair:4 |    4852 |    1447 |  23.0 |      13 |       4 |  23.5
     Lair:5 |    9799 |     807 |   7.6 |      30 |       1 |   3.2
     Lair:6 |    1148 |       0 |   0.0 |       3 |       0 |   0.0
            +---------+---------+-------+---------+---------+-------
